 Dungeon Crawl Stone Soup version 0.26.0-11-g8f856b5395 (webtiles) character file.

Game seed: 16715095613575320168

105 BOMJPIETVODKU the Cudgeller (level 4, -3/34 HPs)
             Began as a Demonspawn Gladiator on Jan 15, 2021.
             Asphyxiated
             ... on level 3 of the Dungeon.
             The game lasted 00:11:26 (3103 turns).

BOMJPIETVODKU the Cudgeller (Demonspawn Gladiator)  Turns: 3103, Time: 00:11:26

Health: -3/34      AC:  9    Str: 15    XL:     4   Next: 54%
Magic:  4/4        EV:  7    Int:  9    God:
Gold:   109        SH:  0    Dex: 15    Spells: 3/3 levels left

rFire    . . .     SeeInvis .   a - +0 flail
rCold    . . .     Faith    .   (no shield)
rNeg     . . .     Spirit   .   o - +0 chain mail
rPois    .         Reflect  .   c - +0 helmet
rElec    .         Harm     .   (no cloak)
rCorr    .         Rampage  .   (no gloves)
Will     .....                  (no boots)
Stlth    ..........             (no amulet)
HPRegen  0.11/turn              (no ring)
MPRegen  0.09/turn              (no ring)

@: lethally poisoned (-3 -> -35), slowed, very slow
A: spiny 1
a: no special abilities


You were on level 3 of the Dungeon.
You visited 1 branch of the dungeon, and saw 3 of its levels.

You collected 109 gold pieces.

Inventory:

Hand Weapons
 a - a +0 flail (weapon)
 m - a +0 dagger of holy wrath
Missiles
 d - 3 throwing nets
 h - 69 stones (quivered)
 s - 6 javelins
Armour
 b - a +0 ring mail
 c - a +0 helmet (worn)
 j - a +0 leather armour
 o - a +0 chain mail (worn)
Scrolls
 e - 4 scrolls of identify {unknown}
 i - 4 scrolls of remove curse {unknown}
 l - a scroll of teleportation {unknown}
 p - a scroll of blinking {unknown}
 q - 2 scrolls of fear {unknown}
Potions
 f - a potion of heal wounds {unknown}
 g - a potion of degeneration {unknown}
 k - a potion of curing {unknown}
 n - a potion of flight {unknown}
 r - a potion of might {unknown}


   Skills:
 * Level 2.6 Fighting
 + Level 3.7 Maces & Flails
 + Level 2.0 Throwing
 + Level 1.4 Armour
 + Level 3.1 Dodging


You had 3 spell levels left.
You didn't know any spells.
Your spell library was empty.

Dungeon Overview and Level Annotations

Branches:
Dungeon (3/15)

Altars:
Fedhas
Okawaru
The Shining One


Innate Abilities, Weirdness & Mutations

You are partially covered in sharp spines.


Message History

Throw: 70 stones
Press: ? - help, Q - select action, (/) - cycle Shift-Dir - straight line, f/p - kobold
Aim: a kobold, wielding a +0 club and quivering 4 curare-tipped darts You throw a stone.
The stone hits the kobold but does no damage.
You feel sick.
The kobold throws a curare-tipped dart.
The curare-tipped dart barely misses you.
The kobold throws a curare-tipped dart.
The curare-tipped dart hits you.
You are lethally poisoned!
You have difficulty breathing.
* * * LOW HITPOINT WARNING * * *
You feel as though you will be slow longer.
* * * LOW HITPOINT WARNING * * *
You feel very sick.
* * * LOW HITPOINT WARNING * * *
You feel very sick.
The kobold throws a curare-tipped dart.
The curare-tipped dart hits you.
You are more poisoned.
You have difficulty breathing.
You die...

### #.#.#.# #...................
#.#.#.# #........#.#....#.#.
#####.#.#.####........#.#....#.#.
......................#.#....#.##
.................)......'†.......
#####.#.#.###..(......#.#.....###
# #.#.#.###.###.#####.#####.... #
#.#.#.............#........#. #
#.#.##..##..@#..#.#........#.
#####.#.#..##.#.###...#........#.
..........##.#(## ##...........#.
#######.###.#.## ##............
........##.#.# ###.##..#.##.
#########.#.# #.......... #.#.#
###...#.##. .#K# #........ #.#
##.....†.


You could see a kobold.

Vanquished Creatures
  Natasha (D:2)
  2 adders
  3 dart slugs
  A leopard gecko (D:3)
  4 orcs (D:3)
  5 bats
  2 giant cockroaches
  7 goblins
  7 hobgoblins
  2 jackals (D:3)
  3 quokkas
  4 frilled lizards
  5 kobolds
  6 rats
52 creatures vanquished.

Notes
Turn   | Place    | Note
-------+----------+-------------------------------------------
     0 | D:1      | BOMJPIETVODKU the Demonspawn Gladiator began the quest for
                  | the Orb.
     0 | D:1      | Reached XP level 1. HP: 16/16 MP: 1/1
   665 | D:1      | Gained mutation: You are partially covered in sharp spines.
                  | [demonic ancestry]
   665 | D:1      | Reached XP level 2. HP: 19/22 MP: 2/2
  1474 | D:2      | Found an iron altar of Okawaru.
  1474 | D:2      | Found a blossoming altar of Fedhas.
  1531 | D:2      | Reached XP level 3. HP: 27/27 MP: 3/3
  1640 | D:2      | Found a faded altar of an unknown god.
  2007 | D:2      | Found a glowing golden altar of the Shining One.
  2016 | D:2      | Noticed Natasha
  2026 | D:2      | Killed Natasha
  2027 | D:2      | Reached skill level 1 in Armour
  2229 | D:3      | Reached XP level 4. HP: 34/34 MP: 4/4
  3103 | D:3      | Asphyxiated

Illustrated notes

Levels and vault maps discovered:
D:1:      ncdulo_lavacross, layout_basic, st_stairs_2
D:2:      layout_basic, gammafunk_temple_overflow_pools, general_overflow_altar,
          chequers_ecumenical_altar_grove, uniq_natasha
D:3:      minmay_inner_zag, layout_basic, grunt_ministairs_15

Skill      XL: |  1  2  3  4 |
---------------+-------------+-----
Maces & Flails | 3 |  3.7
Dodging        | 3 |  3.1
Armour         | 1 |  1.4
Throwing       | 2 |  2.0
Fighting       | |  2.6

Action                   |  1- 3 |  4- 6 || total
-------------------------+-------+-------++-------
Melee: Flail             |    68 |    42 ||   110
Throw: Stone             |    12 |    15 ||    27
Armor: Leather armour    |     6 |       ||     6
       Ring mail         |    15 |     6 ||    21
       Chain mail        |       |    20 ||    20
Dodge: Dodged            |    42 |    35 ||    77
